 Dungeon Crawl Stone Soup version 0.31-a0-818-ge7c7cf7 (webtiles) character file.

Game seed: 12066507194766859576

413729 BarneyGumball the Crack Shot (level 21, -4/184 HPs)
             Began as a Demigod Hunter on Sept 21, 2023.
             Slain by an ettin (glowing shapeshifter) (6 damage)
             ... on level 5 of the Vaults on Sept 22, 2023.
             The game lasted 05:11:30 (59063 turns).

BarneyGumball the Crack Shot (Demigod Hunter)      Turns: 59063, Time: 05:11:30

Health: -4/184     AC: 18    Str: 12    XL:     21   Next: 55%
Magic:  0/31       EV: 32    Int: 11    God:
Gold:   1498       SH:  0    Dex: 45    Spells: 21/28 levels left

rFire   + + +        e - +2 triple crossbow (flame)
rCold   + + +        (shield currently unavailable)
rNeg    + . .        t - +7 swamp dragon scales
rPois   +            q - +0 hat "Raxaoz" {Fly Slay+5}
rElec   +            J - scarf {rC+ rF+}
rCorr   +            R - +0 pair of gloves "Qerghadea" {Drain Fly rC+++ Stlth-}
SInv    .            u - +0 pair of boots
Will    +++..        Y - amulet "Tettaj" {Spirit Drain rElec rF+}
Stlth   ++           i - ring of willpower
HPRegen 0.50/turn    p - ring of Atheism {rPois rN+}
MPRegen 0.22/turn

%: guardian spirit
@: resistant, flying, studying Short Blades
A: high MP 1, forlorn, divine attributes
}: 2/15 runes: barnacled, gossamer
a: no special abilities


You were on level 5 of the Vaults.
You visited 8 branches of the dungeon, and saw 42 of its levels.
You also visited: Ossuary and Wizlab.

You collected 4694 gold pieces.
You spent 3196 gold pieces at shops.

Inventory:

Hand Weapons
 e - a +2 triple crossbow of flaming (weapon)
Armour
 q - the +0 hat "Raxaoz" (worn) {Fly Slay+5}
   (You found it on level 4 of the Spider Nest)

   Slay+5:    It affects your accuracy & damage with ranged weapons and melee
   (+5).
   Fly:       It grants you flight.
 t - +7 swamp dragon scales (worn)
 u - a +0 pair of boots (worn)
 J - a scarf of resistance (worn)
 R - the +0 pair of gloves "Qerghadea" (worn) {Drain Fly rC+++ Stlth-}
   (You acquired it on level 2 of the Dungeon)

   rC+++:     It renders you almost immune to cold.
   Fly:       It grants you flight.
   Drain:     It drains your maximum health when unequipped.
   Stlth-:    It makes you less stealthy.
Jewellery
 i - a ring of willpower (left hand)
 p - the ring of Atheism (right hand) {rPois rN+}
   (You took it off a deep elf death mage on level 3 of the Elven Halls)

   [ring of positive energy]

   rPois:     It protects you from poison rN+: It protects you from negative
   energy.
 A - a ring of protection from fire
 B - a ring of see invisible
 H - the ring of the Scarab {Wiz Fly Dex+6}
   (You found it on level 3 of the Elven Halls)

   [ring of wizardry]

   Wiz:       It improves your spell success rate.
   Dex+6:     It affects your dexterity (+6).
   Fly:       It grants you flight.
 W - a ring of resist corrosion
 Y - the amulet "Tettaj" (around neck) {Spirit Drain rElec rF+}
   (You acquired it on level 4 of the Spider Nest)

   [amulet of guardian spirit]

   Spirit:    It causes incoming damage to be divided between your reserves of
   health and magic.
   rF+:       It protects you from fire.
   rElec:     It insulates you from electricity.
   Drain:     It drains your maximum health when unequipped.
Wands
 d - a wand of digging (18)
 v - a wand of light (5)
 x - a wand of charming (19)
 y - a wand of roots (57)
 U - a wand of polymorph (15)
 V - a wand of mindburst (21)
Scrolls
 a - a scroll of summoning
 b - a scroll of enchant armour
 f - 3 scrolls of teleportation
 k - 6 scrolls of brand weapon
 o - 3 scrolls of silence
 C - 2 scrolls of blinking
 G - 4 scrolls of immolation
 M - 5 scrolls of revelation
 Q - 10 scrolls of poison
 Z - 8 scrolls of fog
Potions
 j - 5 potions of mutation
 l - 4 potions of cancellation
 n - 3 potions of magic
 r - 5 potions of attraction
 s - 9 potions of enlightenment
 w - 5 potions of ambrosia
 z - 2 potions of brilliance
 F - 6 potions of lignification
 K - 3 potions of resistance
 L - 2 potions of haste
 O - 9 potions of curing
 P - a potion of invisibility
Miscellaneous
 E - a lightning rod (4/4)
 N - a phantom mirror
 S - a phial of floods
 T - a tin of tremorstones (1/2)
 X - a sack of spiders


   Skills:
 - Level 15.0 Fighting
 + Level 25.1 Ranged Weapons
 - Level 4.0 Throwing
 - Level 7.0 Armour
 - Level 15.0 Dodging
 - Level 2.0 Stealth
 - Level 4.0 Shields
 - Level 4.0 Spellcasting
 - Level 5.0 Summonings
 - Level 7.0 Translocations
 - Level 7.0 Transmutations
 - Level 15.0 Evocations


You had 21 spell levels left.
You knew the following spells:

 Your Spells              Type           Power      Damage    Failure   Level
a - Call Imp              Summ           26%        N/A       9%          2
b - Wereblood             Tmut           17%        N/A       4%          2
c - Blink                 Tloc           34%        N/A       4%          2
d - Apportation           Tloc           34%        N/A       2%          1

Your spell library contained the following spells:

 Spells                   Type           Power      Damage    Failure   Level
 Lesser Beckoning         Tloc           34%        N/A       4%          2
 Summon Small Mammal      Summ           52%        N/A       6%          1
 Gell's Gravitas          Tloc           17%        N/A       8%          3
 Teleport Other           Tloc           17%        N/A       8%          3
 Momentum Strike          Conj/Tloc      18%        3d8       17%         2
 Passwall                 Tmut/Erth      7%         N/A       17%         2
 Volatile Blastmotes      Fire/Tloc      18%        2d11      32%         3
 Foxfire                  Conj/Fire      8%         2x1d4     43%         1
 Freeze                   Ice            8%         1d3       43%         1
 Magic Dart               Conj           8%         1d3       43%         1
 Necrotise                Necr           8%         1d4       43%         1
 Sandblast                Erth           4%         2d4       43%         1
 Shock                    Conj/Air       8%         1d3       43%         1
 Slow                     Hex            8%         N/A       43%         1
 Ensorcelled Hibernation  Hex/Ice        4%         N/A       56%         2
 Jinxbite                 Hex            4%         N/A       56%         2
 Poisonous Vapours        Pois/Air       4%         N/A       56%         2
 Searing Ray              Conj           4%         2d4       56%         2
 Iskenderun's Mystic Bla  Conj/Tloc      9%         2d4       73%         4
 Vhi's Electric Charge    Tloc/Air       18%        N/A       73%         4
 Confusing Touch          Hex            2%         N/A       80%         3
 Dazzling Flash           Conj/Hex       4%         N/A       80%         3
 Frozen Ramparts          Ice            4%         1d1       80%         3
 Hailstorm                Conj/Ice       2%         3d3       80%         3
 Inner Flame              Hex/Fire       2%         N/A       80%         3
 Mephitic Cloud           Conj/Pois/Air  2%         N/A       80%         3
 Sigil of Binding         Hex            2%         N/A       80%         3
 Stone Arrow              Conj/Erth      4%         3d7       80%         3
 Swiftness                Air            2%         N/A       80%         3
 Vampiric Draining        Necr           2%         2d6       80%         3
 Animate Armour           Summ/Erth      14%        N/A       86%         4
 Summon Ice Beast         Ice/Summ       7%         N/A       86%         4
 Summon Lightning Spire   Summ/Air       7%         N/A       86%         4
 Alistair's Intoxication  Tmut/Pois      6%         N/A       97%         5
 Irradiate                Conj/Tmut      4%         3d13      97%         5
 Airstrike                Air            1%         2d(1-17)  99%         4
 Anguish                  Hex/Necr       1%         N/A       99%         4
 Brom's Barrelling Bould  Conj/Erth      2%         2d3       99%         4
 Cause Fear               Hex            1%         N/A       99%         4
 Flame Wave               Conj/Fire      2%         2d4       99%         4
 Fulminant Prism          Conj/Hex       1%         3d5       99%         4
 Sticky Flame             Conj/Fire      2%         2d3       99%         4
 Dispersal                Tloc           8%         N/A       99%         6
 Agony                    Necr           2%         N/A       100%        5
 Arcjolt                  Conj/Air       1%         1d11      100%        5
 Fireball                 Conj/Fire      1%         3d3       100%        5
 Freezing Cloud           Conj/Ice/Air   1%         6-21      100%        5
 Lee's Rapid Deconstruct  Erth           1%         3d4*      100%        5
 Conjure Ball Lightning   Conj/Air       1%         3x3d6     100%        6
 Eringya's Noxious Bog    Tmut/Pois      4%         4d6       100%        6
 Plasma Beam              Fire/Air       1%         2x1d11    100%        6
 Starburst                Conj/Fire      1%         6d3       100%        6
 Enfeeble                 Hex            1%         N/A       100%        7
 Haunt                    Necr/Summ      3%         N/A       100%        7
 Monstrous Menagerie      Summ           6%         N/A       100%        7
 Borgnjor's Revivificati  Necr           1%         N/A       100%        8
 Maxwell's Capacitive Co  Air            1%         ∞         100%        8
 Chain Lightning          Conj/Air       1%         3d1       100%        9
 Death's Door             Necr           1%         N/A       100%        9
 Dragon's Call            Summ           6%         N/A       100%        9


Dungeon Overview and Level Annotations

Branches:
Dungeon (15/15)            Temple (0/1) D:6            Lair (5/5) D:11
 Shoals (4/4) Lair:2       Spider (4/4) Lair:3        Slime (0/5) Lair:4
    Orc (2/2) D:12            Elf (3/3) Orc:2        Vaults (5/5) D:14
  Crypt (0/3) Vaults:3     Depths (4/4) D:15            Zot (0/5) Depths:4
Ossuary (visited)          WizLab (visited)

Shops:
D:2 ((?   D:5 ?   D:8 ?   D:9 :   D:12 (   Orc:1 (   Orc:2 =(((   Elf:2 =
Elf:3 [***?   Vaults:1 [   Vaults:3 ?   Vaults:4 *   Depths:1 [   Depths:4 *

Portals:
Hell: Depths:1 Depths:2 Depths:3 Depths:4
Abyss: Lair:2 Depths:3
Pandemonium: Depths:2
Ziggurat: Depths:2
Trove: D:11 (give 2 scrolls of acquirement)

Annotations:
D:8 Joseph
D:11 Lodul
Lair:1 exclusions: catoblepas and yak
Lair:2 2 transporters, exclusions: oklob plant and 1 more exclusion, Paihy's ghost, journeyman NaCj
Lair:3 1 runed translucent door, exclusion: door, WinterFox's ghost, journeyman TeRe
Lair:5 1 runed translucent door, exclusions: door and 1 more exclusion, ooops's ghost, journeyman FeSh
Spider:2 1 runed translucent door, exclusion: door, PiratePeteNZ's ghost, adept DECj
Spider:4 Arachne
Elf:2 3 runed translucent doors, exclusion: 3 doors
Vaults:2 exclusion: ironbound convoker
Vaults:5 Mara
Depths:1 1 runed translucent door, exclusions: door and 4 downstairs
Depths:3 1 runed translucent door, exclusion: door


Innate Abilities, Weirdness & Mutations

You have an increased reservoir of magic. (+10% MP)
You shall have no god before yourself.
Your divine heritage dramatically boosts your attributes as you level up.


Message History

The tengu reaver seems to regain its courage.
The tengu reaver is engulfed in poison gas.
The tengu reaver looks as sick as possible!
The titan looks even sicker.
The titan hits you!!!
* * * LOW HITPOINT WARNING * * *
The ettin is engulfed in poison gas.
The ettin looks as sick as possible!
The tengu reaver is engulfed in poison gas.
The tengu reaver looks as sick as possible!
You feel better.
Your surroundings suddenly seem different.
An ancient lich comes into view.
Found a ring mail.
A frost giant comes into view.
It is wielding a +1 battleaxe of freezing.
Blink to where?
Press: ? - help, Dir - move target
As you read the scroll of blinking, it crumbles to dust.
A great orb of eyes comes into view.
The great orb of eyes turns its gaze towards you.
The great orb of eyes gazes at you. You resist with almost no effort.
You hear a shout!
Press: ? - help, v - describe, . - travel, g - get item Item here: a crude lead ring.
The floor.
Press: ? - help, v - describe, . - travel
Here: a great orb of eyes An escape hatch in the ceiling.
Unknown command.
Unknown command.
The great orb of eyes changes into an ettin!
Blink to where?
Press: ? - help, Dir - move target An ironbound convoker and a deep elf high priest come into view.
The deep elf high priest is wielding a +1 scimitar of venom.
As you read the scroll of blinking, it crumbles to dust.
The titan waves its arms in wide circles.
The air twists around and strikes you!!
* * * LOW HITPOINT WARNING * * *
The ettin hits you but does no damage. The ettin hits you!
You die...

****,,,*,,,*,,*,,,,#...#,.....**,
,,,*,,,*,,,#.,#..p.#.#.#...#*,,,,
,,,*,,,**'##..#....#,#§.#*,,,,,**
,,,*,,,,,.....#....#.$.....#*,,,,
*'**,,,,,.....#....#...##.....,,*
,,,,,,,,,,,.....e..)....,.....,,,
********#####..).....###**####***
,,,,,,,,......)).)......,,,,,,,,,
,,,,,,,,......))@C))=...,,,,,,,,,
,,,,,,,,.....))<).<))...,,,,,,,,,
,,,,,,,,.....)))<<..)...,,,,,,,,,
********#####..)))....##*********
**,*,,,*,**#.........C..*,*,,*,,,
*,,,*,***,#...#........#,*,,,+,,,
,*,***,*,..#.##p...#....*,,,,*,,,
***,*,,,#.###,#....#....,,,*,****
,*,,,*,*##,*,,#....#,..,*,*,**,,,


You could see a titan, an ettin shaped shifter, a vault sentinel (wandering), a
deep elf high priest (wandering) and an ironbound convoker (wandering).

Vanquished Creatures
  A juggernaut (Depths:2)
  Sojobo (Depths:2)
  5 caustic shrikes (Depths:3)
  Jorgrun (Elf:1)
  2 walking crystal tomes (Depths:2)
  Zenata (Elf:3)
  A tentacled monstrosity (Depths:2)
  A deep elf blademaster (Elf:3)
  2 deep elf master archers (Elf:3)
  6 titans
  A walking earthen tome (Depths:3)
  4 sphinxes
  A kraken (Shoals:2)
  Frances (Shoals:2)
  3 tengu reavers (Depths:2)
  A storm dragon (Depths:4)
  Donald (Shoals:2)
  2 shadow dragons
  Ilsuiw (Shoals:2)
  6 fire giants
  An iron dragon (Depths:3)
  2 draconian knights
  5 deep elf sorcerers
  5 frost giants
  7 vault wardens
  11 emperor scorpions
  4 deep elf elementalists (Elf:3)
  5 ghost moths
  2 broodmothers
  An orc warlord (Orc:2)
  7 stone giants
  26 very ugly things
  5 spriggan defenders (Depths:2)
  A formless jellyfish (Vaults:2)
  A war gargoyle (Vaults:5)
  10 ironbound thunderhulks
  18 ironbound preservers
  2 vampire knights
  2 green draconians (Depths:4)
  2 purple draconians (Depths:4)
  7 deep elf annihilators
  An elemental wellspring (Shoals:3)
  A black draconian (Depths:4)
  13 spark wasps
  20 dire elephants
  A dire elephant (shapeshifter) (Depths:2)
  A red draconian (Depths:4)
  5 deep elf death magi
  7 yaktaur captains
  4 fire dragons
  3 ettins
  8 merfolk impalers
  6 great orbs of eyes
  An entropy weaver (shapeshifter) (Elf:2)
  4 merfolk javelineers
  5 deep elf high priests
  Fannar (Orc:1)
  2 spectral krakens (Shoals:4)
  6 entropy weavers
  A hell beast (Depths:3)
  A hydra (Lair:2)
  An ogre mage (Vaults:2)
  9 ice dragons
  2 peacekeepers
  36 vault guards
  2 ghost crabs (Shoals:4)
  4 spriggan air magi
  A sphinx zombie (Vaults:1)
  12 centaur warriors
  3 jorogumos
  4 radroaches
  3 ironbound frosthearts
  A catoblepas (Lair:5)
  4 deep troll shamans
  A satyr (Shoals:4)
  2 alligator snapping turtles
  2 merfolk avatars
  3 merfolk aquamancers
  4 two-headed ogres
  3 tengu warriors
  10 boulder beetles
  7 dancing weapons
  3 deep troll earth magi
  4 spriggan berserkers
  A hell hog (Depths:3)
  10 death yaks
  An orc high priest (D:12)
  6 demonic crawlers
  2 hell knights
  2 vampire magi
  2 spriggans (Depths:2)
  A soul eater (Depths:3)
  Nergalle (Orc:1)
  16 deep elf knights
  6 skysharks
  3 spectral merfolk (Shoals:4)
  5 iron trolls
  A quicksilver dragon simulacrum (Depths:3)
  2 skeletal warriors (D:15)
  A sun moth (Spider:3)
  53 deep trolls
  8 pharaoh ants
  A glowing orange brain (shapeshifter) (Vaults:5)
  7 glowing orange brains
  8 orb spiders
  A flayed ghost (Depths:2)
  6 sea snakes
  10 deep elf archers
  A shadow dragon zombie (Vaults:2)
  7 wizards
  4 steelbarb worms
  4 lindwurms
  16 ironbound convokers
  11 orc knights
  3 phantasmal warriors
  11 harpies
  27 wolf spiders
  4 necromancers
  29 ugly things
  Pikel (D:5)
  An oklob plant (Shoals:1)
  A mana viper (shapeshifter) (Depths:4)
  19 deep elf zephyrmancers
  8 fauns
  3 stone giant zombies
  9 manticores
  24 deep elf pyromancers
  A cyclops (shapeshifter) (Vaults:1)
  6 orc sorcerers
  A moth of wrath (shapeshifter) (Vaults:4)
  8 cyclopes
  10 elephants
  2 merfolk sirens
  A stone giant skeleton (Vaults:2)
  3 water nymphs
  A frost giant skeleton (D:15)
  2 black mambas
  6 moths of wrath
  14 vault sentinels
  18 eyes of devastation (Depths:3)
  Maurice (Orc:1)
  2 human skeletons
  Maggie (D:6)
  10 cane toads
  Jeremiah (D:7)
  2 yaktaur zombies
  3 rime drakes
  4 torpor snails
  25 yaktaurs
  A freezing wraith (Vaults:4)
  9 komodo dragons
  2 tengu conjurers
  2 wind drakes (shapeshifter)
  21 merfolk
  A spriggan skeleton (D:15)
  8 trolls
  Grinder (D:4)
  2 hornets (Depths:2)
  A polar bear (Lair:3)
  3 meliai (Spider:1)
  25 tarantellas
  7 dream sheep (Lair:4)
  5 wind drakes
  16 blink frogs
  6 snapping turtles
  An air elemental (Elf:1)
  21 slime creatures
  17 culicivoras
  20 jumping spiders
  12 water elementals
  42 yaks
  2 vampires
  A shadow (D:13)
  5 wyverns
  2 fire elementals
  2 wraiths
  8 basilisks
  2 vampire mosquitoes (D:12)
  A steam dragon (D:9)
  Grum (D:10)
  51 redbacks
  A glowing shapeshifter zombie (D:15)
  15 water moccasins
  12 wargs
  A spectral snapping turtle (Shoals:4)
  A glowing shapeshifter skeleton (Vaults:2)
  A hornet zombie (D:5)
  3 ice beasts
  4 sky beasts
  59 orc warriors
  8 ogres (D:11)
  12 wolves
  5 boggarts (Vaults:1)
  7 phantoms
  13 centaurs
  2 lemures
  3 kobold brigands
  3 elf zombies
  10 bullfrogs
  3 gnoll sergeants
  6 scorpions
  3 earth elementals
  2 water moccasin zombies (D:5)
  7 wights (D:7)
  2 water moccasin skeletons (D:5)
  6 killer bees
  6 howler monkeys
  2 electric eels
  3 bullfrog zombies (D:5)
  2 centaur zombies (D:5)
  5 hounds
  3 jellies
  A centaur skeleton (D:5)
  19 orc priests
  2 iguanas
  Ijyb (D:4)
  A scorpion zombie (D:5)
  29 orc wizards
  A hound zombie (Ossuary)
  Robin (D:4)
  17 gnolls
  An adder (D:2)
  2 white imps
  A howler monkey simulacrum (D:11)
  2 ufetubi
  An adder zombie (Ossuary)
  A worm (D:7)
  7 dart slugs
  86 orcs
  5 ball pythons
  4 endoplasms
  6 giant cockroaches
  8 goblins
  13 hobgoblins
  2 jackals (D:1)
  26 kobolds
  3 quokkas
  6 bats
  3 frilled lizards
  A jackal zombie (Ossuary)
  An orc zombie (Ossuary)
  9 rats
  2 tentacles (Shoals:2)
1607 creatures vanquished.

Vanquished Creatures (collateral kills)
  Frederick (Vaults:2)
1 creature vanquished.

Vanquished Creatures (others)
  A water elemental (Elf:1)
  2 orcs (D:10)
  19 tentacles
22 creatures vanquished.

Grand Total: 1630 creatures vanquished

Notes
Turn   | Place    | Note
-------+----------+-------------------------------------------
     0 | D:1      | BarneyGumball the Demigod Hunter began the quest for the
                  | Orb.
     0 | D:1      | Reached XP level 1. HP: 17/17 MP: 3/3
    23 | D:1      | Reached skill level 1 in Stealth
    82 | D:1      | Reached XP level 2. HP: 24/24 MP: 4/4
   154 | D:1      | Reached skill level 4 in Ranged Weapons
   431 | D:1      | Reached XP level 3. HP: 29/29 MP: 5/5
   852 | D:2      | Found Potuo's Weapon Boutique.
   932 | D:2      | Found Igufruqo's Magic Scroll Emporium.
   937 | D:2      | Bought a scroll of identify for 22 gold pieces
   937 | D:2      | Bought a scroll of teleportation for 33 gold pieces
   947 | D:2      | Found Paetwaav's Magic Scroll Shoppe.
   971 | D:2      | You fall into a shaft and drop 2 floors!
  1314 | D:2      | Found Epuypei's Weapon Shoppe.
  1932 | D:3      | Reached XP level 4. HP: 36/36 MP: 6/6
  1943 | D:3      | Reached skill level 5 in Ranged Weapons
  2387 | D:4      | Reached XP level 5. HP: 41/41 MP: 7/7
  2392 | D:4      | Got a resplendent book
  2598 | D:4      | Noticed Robin
  2626 | D:4      | Noticed Grinder
  2670 | D:5      | Entered Level 5 of the Dungeon
  2882 | D:5      | Reached skill level 6 in Ranged Weapons
  2949 | D:5      | Reached XP level 6. HP: 44/48 MP: 8/8
  3013 | D:5      | Reached skill level 7 in Ranged Weapons
  3056 | D:5      | Found The Oracle's Delphic Readings.
  3221 | D:5      | Reached XP level 7. HP: 45/53 MP: 9/9
  3317 | D:5      | Reached skill level 8 in Ranged Weapons
  3368 | D:4      | Noticed Ijyb
  3537 | D:2      | Bought a scroll of fog for 44 gold pieces
  3537 | D:2      | Bought 3 scrolls of identify for 66 gold pieces
  3537 | D:2      | Bought a scroll of identify for 22 gold pieces
  3537 | D:2      | Bought a scroll of identify for 22 gold pieces
  3552 | D:2      | Bought a scroll of identify for 22 gold pieces
  3552 | D:2      | Bought a scroll of identify for 22 gold pieces
  3703 | D:4      | Killed Robin
  4139 | D:5      | Reached skill level 9 in Ranged Weapons
  4523 | D:5      | Reached XP level 8. HP: 54/60 MP: 10/10
  4864 | D:6      | Noticed Pikel
  4958 | D:6      | Found a staircase to the Ecumenical Temple.
  5186 | D:6      | Reached skill level 1 in Armour
  5237 | D:6      | Noticed Maggie
  5514 | D:5      | Killed Pikel
  5515 | D:5      | Reached skill level 10 in Ranged Weapons
  6680 | D:7      | Reached XP level 9. HP: 71/71 MP: 11/11
  6785 | D:7      | Noticed Jeremiah
  6932 | D:6      | HP: 3/71 [Maggie/bolt of fire (20)]
  7559 | D:7      | Reached skill level 11 in Ranged Weapons
  7984 | D:7      | Noticed a moth of wrath
  8335 | D:7      | Reached skill level 1 in Spellcasting
  8335 | D:7      | Reached skill level 1 in Summonings
  8563 | D:8      | Found a sand-covered staircase.
  8571 | Ossuary  | Entered an ossuary
  8817 | D:8      | Found Piom's Magic Scroll Boutique.
  8829 | D:8      | Bought a scroll of identify for 24 gold pieces
  8829 | D:8      | Bought a scroll of blinking for 90 gold pieces
  8829 | D:8      | Bought a scroll of identify for 24 gold pieces
  8830 | D:8      | Identified a scroll of acquirement
  8832 | D:8      | Acquired a +0 longbow of freezing
  8947 | D:8      | Reached skill level 12 in Ranged Weapons
  9119 | D:8      | Reached XP level 10. HP: 78/78 MP: 15/15
  9560 | D:8      | Noticed Joseph
 10052 | D:4      | Paralysed by Grinder for 5 turns
 10062 | D:4      | Killed Grinder
 10175 | D:4      | Killed Ijyb
 10248 | D:6      | Killed Maggie
 10631 | D:9      | Learned a level 2 spell: Call Imp
 10653 | D:9      | Found Ryaclas's Book Shop.
 11139 | D:9      | Reached skill level 5 in Summonings
 11405 | D:9      | Reached skill level 13 in Ranged Weapons
 11513 | D:10     | Entered Level 10 of the Dungeon
 11781 | D:10     | Noticed Grum
 12255 | D:10     | Noticed a two-headed ogre
 12258 | D:10     | Reached skill level 1 in Shields
 12390 | D:9      | Killed a two-headed ogre
 12391 | D:9      | Reached XP level 11. HP: 74/84 MP: 17/17
 12739 | D:10     | Killed Grum
 12810 | D:11     | Found a portal to a secret trove of treasure.
 12840 | D:11     | Noticed a two-headed ogre
 13305 | D:11     | Found a staircase to the Lair.
 13394 | D:11     | Reached skill level 14 in Ranged Weapons
 13708 | D:11     | Noticed a centaur warrior
 13904 | D:11     | Killed a two-headed ogre
 14073 | D:11     | Noticed Lodul
 14250 | D:11     | Killed a centaur warrior
 14477 | Lair:1   | Entered Level 1 of the Lair of Beasts
 14538 | Lair:1   | Reached skill level 15 in Ranged Weapons
 15086 | Lair:1   | Noticed a catoblepas
 15828 | Lair:2   | Reached skill level 16 in Ranged Weapons
 15830 | Lair:2   | Reached XP level 12. HP: 91/91 MP: 18/18
 15842 | Lair:2   | Found a transporter.
 15845 | Lair:2   | Found a transporter.
 15921 | Lair:2   | Noticed a four-headed hydra
 15929 | Lair:2   | Killed a four-headed hydra
 15939 | Lair:2   | Found a staircase to the Shoals.
 15963 | Lair:2   | You fall into a shaft and drop 1 floor!
 16214 | Lair:2   | Reached skill level 17 in Ranged Weapons
 16547 | Lair:2   | Noticed a rakshasa
 16689 | Lair:2   | Noticed Paihy's ghost (journeyman NaCj)
 16706 | Lair:2   | Found a one-way gate to the infinite horrors of the Abyss.
 17182 | Lair:3   | Found a hole to the Spider Nest.
 17190 | Lair:3   | Reached skill level 5 in Fighting
 17366 | Lair:3   | Reached skill level 5 in Dodging
 17460 | Lair:3   | Found a runed translucent door.
 17460 | Lair:3   | Noticed WinterFox's ghost (journeyman TeRe)
 18121 | Lair:4   | Found a staircase to the Slime Pits.
 18484 | Lair:5   | Entered Level 5 of the Lair of Beasts
 18619 | Lair:5   | Reached XP level 13. HP: 102/102 MP: 19/19
 19140 | Lair:5   | Reached skill level 18 in Ranged Weapons
 19421 | Lair:5   | Found a runed translucent door.
 19424 | Lair:5   | Identified the +4 trident "Tixzac" {venom, rF+ rN+}
 19424 | Lair:5   | Noticed ooops's ghost (journeyman FeSh)
 19946 | D:2      | Bought a scroll of acquirement for 572 gold pieces
 19946 | D:2      | Acquired the +0 pair of gloves "Qerghadea" {Drain Fly rC+++
                  | Stlth-}
 20502 | D:12     | Found a staircase to the Orcish Mines.
 20508 | D:12     | Found Qatuethrep's Weapon Boutique.
 20703 | D:12     | Reached skill level 1 in Evocations
 20749 | D:12     | Noticed an orc warlord
 21557 | Orc:1    | Entered Level 1 of the Orcish Mines
 21641 | Orc:2    | Entered Level 2 of the Orcish Mines
 21669 | Orc:1    | Noticed Nergalle
 21669 | Orc:1    | Noticed Fannar
 21769 | Orc:2    | Noticed an orc warlord
 21813 | Orc:2    | Killed an orc warlord
 22181 | Orc:2    | Found Izuud's Weapon Shoppe.
 22181 | Orc:2    | Found Qicetz's Jewellery Shop.
 22234 | Orc:2    | Reached XP level 14. HP: 97/113 MP: 20/20
 22365 | Orc:2    | Found Zinky's Weapon Shoppe.
 22365 | Orc:2    | Found Hoggoirra's Antique Weapon Shop.
 22472 | Orc:2    | Found a staircase to the Elven Halls.
 22794 | Orc:1    | Found Nuxasuzo's Weapon Emporium.
 22819 | Orc:1    | Reached skill level 19 in Ranged Weapons
 22819 | Orc:1    | Reached skill level 5 in Evocations
 22900 | Orc:1    | Killed Nergalle
 22952 | Orc:1    | Killed Fannar
 23068 | Orc:1    | Noticed Maurice
 23073 | Orc:1    | Killed Maurice
 23281 | Orc:2    | Bought a ring of resist corrosion for 300 gold pieces
 24432 | D:14     | Found a gate to the Vaults.
 24604 | D:14     | Reached skill level 20 in Ranged Weapons
 24734 | D:14     | Reached skill level 1 in Throwing
 25034 | D:15     | Entered Level 15 of the Dungeon
 25378 | D:15     | Reached skill level 5 in Armour
 25528 | D:15     | Found a staircase to the Depths.
 26236 | Spider:1 | Entered Level 1 of the Spider Nest
 26506 | D:7      | Killed Jeremiah
 26790 | Spider:1 | Reached XP level 15. HP: 121/121 MP: 21/21
 27083 | D:2      | Bought a scroll of enchant weapon for 82 gold pieces
 27083 | D:2      | Bought a scroll of enchant armour for 82 gold pieces
 27083 | D:2      | Bought a scroll of fog for 44 gold pieces
 27083 | D:2      | Bought a scroll of revelation for 82 gold pieces
 27083 | D:2      | Bought a scroll of enchant armour for 82 gold pieces
 27801 | Spider:1 | Paralysed by a jorogumo for 1 turns
 28309 | Spider:1 | Identified the +2 morningstar "Ogrebane" {heavy, Str+3
                  | Dex+3 Stlth+}
 28597 | Spider:2 | Reached skill level 10 in Dodging
 29095 | Spider:2 | Identified the +0 robe of Ejeg {+Blink Archmagi}
 29123 | Spider:2 | Found a runed translucent door.
 29125 | Spider:2 | Noticed PiratePeteNZ's ghost (adept DECj)
 29424 | Spider:2 | Reached skill level 10 in Fighting
 30965 | Spider:3 | Reached XP level 16. HP: 137/137 MP: 22/22
 31288 | Spider:3 | Upgraded the game from 0.31-a0-811-gbd3c83e to
                  | 0.31-a0-818-ge7c7cf7
 31390 | Shoals:1 | Entered Level 1 of the Shoals
 31568 | Spider:4 | Entered Level 4 of the Spider Nest
 32563 | Spider:4 | Acquired the amulet "Tettaj" {Spirit Drain rElec rF+}
 32902 | Spider:4 | Got a gossamer rune of Zot
 32921 | Spider:4 | Identified the +0 hat "Raxaoz" {Fly Slay+5}
 33001 | Spider:4 | Noticed Arachne
 34193 | Shoals:1 | Noticed a kraken
 34324 | Shoals:2 | Noticed Donald
 34361 | Shoals:2 | Killed Donald
 34652 | Shoals:2 | Noticed Frances
 34655 | Shoals:2 | Noticed Ilsuiw
 34656 | Shoals:2 | Killed Frances
 34678 | Shoals:2 | Killed Ilsuiw
 35189 | Shoals:2 | Reached XP level 17. HP: 148/148 MP: 24/24
 35669 | Shoals:3 | Identified the amulet "Qyory" {RegenMP Int+10}
 36199 | Shoals:4 | Entered Level 4 of the Shoals
 36297 | Shoals:4 | Reached skill level 1 in Transmutations
 37327 | Shoals:4 | Got a barnacled rune of Zot
 37546 | Vaults:1 | Entered Level 1 of the Vaults
 38667 | Vaults:1 | Found Tigupn's Armour Emporium.
 38709 | Vaults:1 | Reached skill level 10 in Evocations
 39014 | Vaults:1 | Reached skill level 5 in Transmutations
 39862 | Vaults:1 | Reached XP level 18. HP: 149/160 MP: 23/25
 39908 | Vaults:1 | Learned a level 2 spell: Wereblood
 40682 | Vaults:2 | Identified the +1 falchion "Hipa" {freeze, rPois rF- Int+6}
 40714 | Vaults:2 | Paralysed by a formless jellyfish for 1 turns
 41833 | Vaults:2 | Noticed Frederick
 41841 | Vaults:2 | Killed Frederick
 43185 | Vaults:3 | Identified the +5 chain mail "Maod" {rElec}
 43189 | Vaults:3 | Found a staircase to the Crypt.
 43349 | Vaults:3 | Found Atiubbug's Magic Scroll Shop.
 43357 | Vaults:3 | Bought a scroll of enchant weapon for 142 gold pieces
 43357 | Vaults:3 | Bought a scroll of teleportation for 57 gold pieces
 43357 | Vaults:3 | Bought a scroll of teleportation for 57 gold pieces
 43357 | Vaults:3 | Bought a scroll of enchant armour for 142 gold pieces
 44009 | Vaults:4 | Reached XP level 19. HP: 154/167 MP: 24/29
 44228 | Vaults:4 | Reached skill level 15 in Evocations
 45196 | Vaults:4 | Found Zoecoi's Assorted Antiques.
 45201 | Vaults:4 | Bought a potion of curing for 63 gold pieces
 45201 | Vaults:4 | Bought a potion of haste for 210 gold pieces
 45494 | Depths:1 | Entered Level 1 of the Depths
 45520 | Depths:1 | Found a runed translucent door.
 45520 | Depths:1 | Identified the +4 tower shield of Deicur {rPois SInv}
 45898 | Depths:1 | Found a gateway to Hell.
 46247 | Depths:1 | Found Vufonub's Armour Shop.
 46673 | Depths:2 | Found a one-way gateway to a ziggurat.
 46799 | Depths:2 | Noticed a juggernaut
 46801 | Depths:2 | Reached skill level 15 in Fighting
 46801 | Depths:2 | Reached skill level 15 in Dodging
 46808 | Depths:2 | Killed a juggernaut
 47186 | Depths:2 | Found a one-way gate leading to the halls of Pandemonium.
 47501 | Depths:2 | Noticed Sojobo
 47745 | Depths:2 | Reached skill level 21 in Ranged Weapons
 48123 | Depths:2 | Killed Sojobo
 48922 | Depths:3 | Identified the +0 robe of the Zebrataur {rElec rN+ Will++}
 49144 | Depths:3 | Reached XP level 20. HP: 178/178 MP: 30/30
 49328 | Depths:3 | Found a runed translucent door.
 49341 | Depths:3 | Identified the +5 mace "Sor Rokh" {distort, Int+3}
 49453 | Depths:3 | Reached skill level 1 in Translocations
 49779 | Depths:3 | Reached skill level 22 in Ranged Weapons
 49857 | Depths:3 | Identified the ring of Mistrust {rCorr Str+6 Int+5 Dex-4}
 50211 | Depths:3 | Identified the +10 dagger of Extremism {distort, rC+ Str+4
                  | Int-3}
 50263 | Depths:3 | Learned a level 2 spell: Blink
 50520 | Depths:4 | Entered Level 4 of the Depths
 50522 | Depths:4 | Noticed a caustic shrike
 50522 | Depths:4 | Noticed a caustic shrike
 50523 | Depths:4 | Noticed a caustic shrike
 50523 | Depths:4 | Noticed a caustic shrike
 50524 | Depths:4 | Noticed a caustic shrike
 50668 | Depths:3 | Killed a caustic shrike
 51213 | Depths:3 | Killed a caustic shrike
 51320 | Depths:3 | Killed a caustic shrike
 51321 | Depths:3 | Reached skill level 5 in Translocations
 51516 | Depths:3 | Killed a caustic shrike
 51739 | Depths:3 | Killed a caustic shrike
 53354 | Depths:4 | Found a gate to the Realm of Zot.
 53504 | Depths:4 | Noticed Parghit
 54018 | Depths:4 | Parghit changed into Parghit the titan
 54018 | Depths:4 | Noticed Parghit
 54038 | Depths:4 | Killed Parghit the titan
 54284 | Depths:4 | Found Agarujai's Fire Supplies.
 54544 | Elf:1    | Entered Level 1 of the Elven Halls
 54657 | Elf:1    | Found a magical portal.
 54687 | WizLab   | Entered Wucad Mu's Monastery
 55039 | Elf:1    | Noticed Jorgrun
 55310 | Elf:1    | Killed Jorgrun
 55311 | Elf:1    | Reached skill level 23 in Ranged Weapons
 55567 | Elf:1    | Got a clothbound book
 55592 | Elf:1    | Got a tattered book
 55925 | Elf:2    | Found Pyrais's Jewellery Shop.
 56183 | Elf:2    | Found a runed translucent gate.
 56183 | Elf:2    | Found a runed translucent gate.
 56183 | Elf:2    | Found a runed translucent gate.
 56598 | Elf:2    | Reached XP level 21. HP: 184/184 MP: 31/31
 56862 | Elf:3    | Entered Level 3 of the Elven Halls
 56862 | Elf:3    | Found Vaiclah's General Store.
 56879 | Elf:3    | Noticed Zenata
 56887 | Elf:3    | Killed Zenata
 57078 | Elf:3    | Found Fahefa's General Store.
 57085 | Elf:3    | Bought a scroll of revelation for 135 gold pieces
 57498 | Elf:3    | Found Katoucin's Assorted Antiques.
 57548 | Elf:3    | Bought a scroll of teleportation for 117 gold pieces
 57548 | Elf:3    | Bought a scroll of poison for 156 gold pieces
 57575 | Elf:3    | Found Zyfysch's Antique Armour Emporium.
 57643 | Elf:3    | Reached skill level 24 in Ranged Weapons
 57881 | Elf:3    | Found Wuer's Magic Scroll Emporium.
 57884 | Elf:3    | Bought a scroll of teleportation for 63 gold pieces
 57884 | Elf:3    | Bought a scroll of summoning for 199 gold pieces
 57884 | Elf:3    | Bought a scroll of teleportation for 63 gold pieces
 57884 | Elf:3    | Bought a scroll of revelation for 157 gold pieces
 58050 | Elf:3    | Identified the +7 chain mail "Qeggic" {rPois}
 58143 | Elf:3    | Identified the +3 scale mail of the Ikuchi {rC+++ rN+++
                  | Int-5 Slay-3}
 58146 | Elf:3    | Learned a level 1 spell: Apportation
 58155 | Elf:3    | Identified the +0 swamp dragon scales of Xeshrolel {rPois
                  | rF++ rC+ Regen+}
 58158 | Elf:3    | Identified the ring of the Scarab {Wiz Fly Dex+6}
 58187 | Elf:3    | Identified the staff "Zuulluc" {rC- Int+4 SInv Conj}
 58188 | Elf:3    | Identified the +6 chain mail of Ziwiqedd {Will+}
 58272 | Elf:3    | Identified the ring of Atheism {rPois rN+}
 58759 | Vaults:5 | Entered Level 5 of the Vaults
 58764 | Vaults:5 | Noticed a golden dragon
 58791 | Vaults:5 | Identified the +8 great sword "Julilijewi" {drain, Int+2}
 59026 | Vaults:5 | Reached skill level 25 in Ranged Weapons
 59037 | Vaults:5 | Noticed Mara
 59044 | Vaults:5 | Noticed BarneyGumball's illusion
 59049 | Vaults:5 | Identified the amulet of Leaves {Reflect +Blink rF+ SH+5}
 59059 | Vaults:5 | Noticed an ancient lich
 59063 | Vaults:5 | HP: 2/184 [titan/the air (24)]
 59063 | Vaults:5 | Slain by an ettin (glowing shapeshifter)

Illustrated notes

Levels and vault maps discovered:
D:1:      orjb1_lava_funnel, layout_basic, minmay_misc_feat_secret_circle,
          minmay_misc_feat_chi, minmay_quantized
D:2:      layout_loops_ring, basic_altar, serial_shops, nicolae_square_shop,
          shop, shop, nicolae_shop_tiny_waterfront, roderic_roman_lattice,
          kennysheep_generic_room_6
D:3:      layout_loops_ring, mainiacjoe_overflow_boulevard,
          nicolae_ecumenical_pavilion
D:4:      layout_gridville, nicolae_ru_sacrificial_ziggurat, xom_redecorated,
          nicolae_goblin_pals, uniq_grinder
D:5:      layout_rooms, serial_undead, serial_undead_b, serial_undead_c,
          serial_undead_d, serial_undead_a, serial_undead_f, serial_undead_e,
          serial_undead_a, minmay_misc_feat_columns,
          nicolae_nh_oracle_at_delphi, uniq_ijyb
D:6:      layout_basic, minmay_temple_entry_antechambers, uniq_maggie,
          uniq_pikel
D:7:      layout_basic, tgw_trog, nzn_random_ring, uniq_jeremiah
D:8:      layout_loops_corners, serial_shops, shop, chequers_ossuary_entry_cave,
          uniq_joseph
D:9:      layout_grid_maze, serial_shops, shop_statue
D:10:     layout_cave_pools, minmay_statues_item, kennysheep_generic_room_13,
          uniq_grum
D:11:     minmay_blocky_corners, layout_stronghold, erik_lair_orcish_takeover,
          nicolae_trove_entry_crossroad, uniq_lodul
D:12:     orc_temple, layout_stronghold, orc_david_3, serial_bayou_ford_a
D:13:     layout_cave_pools
D:14:     layout_cave_pools, erik_vaults_2, nzn_wu_jian_contemplation
D:15:     gammafunk_depths_entry_grave, layout_cave_pods,
          minmay_misc_feat_pillars, serial_column_ruins,
          column_ruins_hut_pillars, column_ruins_grid_1,
          column_ruins_corridor_corner, column_ruins_columns_straight,
          column_ruins_corridor_corner, column_ruins_open_medium_water
Lair:1:   layout_concentric_octagons
Lair:2:   layout_cellular_growth, shoals_dummy_entry,
          gammafunk_ghost_abyssal_escape, serial_bayou_shore_b
Lair:3:   layout_cave_pods, nicolae_spider_entry_orb_guardian,
          ebering_ghost_inner_flame, grunt_megastairs_3
Lair:4:   layout_gridlike, slime_entry_1
Lair:5:   evilmike_catoblepas_cave, layout_regular_city,
          ebering_ghost_funeral_grove, minivault_23, serial_bayou_pond_b
Shoals:1: layout_shoals, dpeg_stationary_puzzle
Shoals:2: layout_shoals, uniq_donald, uniq_frances, uniq_ilsuiw
Shoals:3: layout_shoals, nicolae_shoals_spring_well_temple
Shoals:4: shoals_end_simple, layout_shoals, nicolae_shoals_spectral_cove
Spider:1: nicolae_spider_hall_of_the_moth_king, hellmonk_deceptive_appearances
Spider:2: nicolae_spider_hilbert_zone_4 [nicolae_spider_hilbert_4_sides_2_open,
          nicolae_spider_hilbert_4_sides_1_open,
          nicolae_spider_hilbert_4_sides_1_open,
          nicolae_spider_hilbert_4_sides_1_open,
          nicolae_spider_hilbert_4_sides_1_open,
          nicolae_spider_hilbert_2_sides_1_open,
          nicolae_spider_hilbert_2_sides_1_open,
          nicolae_spider_hilbert_2_sides_1_open,
          nicolae_spider_hilbert_2_sides_1_open,
          nicolae_spider_hilbert_6_sides_1_open,
          nicolae_spider_hilbert_6_sides_1_open,
          nicolae_spider_hilbert_3_sides_1_open,
          nicolae_spider_hilbert_3_sides_1_open], hellmonk_ghost_happy_afterlife
Spider:3: layout_spider_delve, einodemon_crawler_minivault
Spider:4: grunt_spider_rune_circles, uniq_arachne
Orc:1:    layout_diamond_mine, guppyfry_orc_lava_fort, uniq_maurice,
          uniq_nergalle, uniq_fannar
Orc:2:    st_orc_town, layout_caves, basic_altar
Elf:1:    elf_arrival_001, layout_geoelf_octagon,
          infiniplex_enter_wizlab_glasses, minmay_elf_annihilation, uniq_jorgrun
Elf:2:    nicolae_elf_blades_splatter_lattice [nooodl_blade_entry_preview],
          layout_gridlike, serial_shops, nicolae_stop_n_shop_1,
          nicolae_elf_deep_friendship
Elf:3:    minmay_elf_hall_quartered_circle, layout_gridlike, serial_shops,
          nicolae_shop_rolling_square, shop, shop, shop, nicolae_shop_rolled_up,
          basic_altar, uniq_zenata
Vaults:1: ontoclasm_vaults_idyll, vaults_room_large_hall,
          nicolae_vaults_network_star, grunt_vaults_focal,
          dpeg_vaults_monster_box, vaults_room_glass_cross,
          nicolae_vaults_trapezoid_lopsided_4, nicolae_vaults_sightless_eye,
          nicolae_vaults_wrenched, ontoclasm_vaults_eye,
          nicolae_vaults_sealed_display, nicolae_vaults_house_3, v_misc_17,
          layout_vaults_maze_bifur
Vaults:2: nicolae_vaults_trapezoid_lopsided_1, kb_rosetta, v_misc_28,
          v_alt_pattern_1, nicolae_vaults_network_quinsquares
          [nicolae_vaults_network_quincunx_subvault,
          nicolae_vaults_network_quincunx_subvault,
          nicolae_vaults_network_quincunx_subvault,
          nicolae_vaults_network_quincunx_subvault], v_misc_11,
          nicolae_vaults_surprise_closet, nicolae_vaults_tangram_2, v_misc_29,
          nicolae_vaults_tetromino_L_1, nicolae_vaults_little_squares_6,
          vaults_dpeg_diagonal, nicolae_vaults_specimen_jars,
          nicolae_vaults_house_1, v_misc_27, layout_vaults_ring, uniq_frederick
Vaults:3: nicolae_vaults_apartment_1, hangedman_vaults_unwind,
          nicolae_vaults_surprise_closet, v_misc_30,
          minmay_crypt_entry_necro_gods, nicolae_vaults_storage_closets_3,
          nicolae_vaults_little_squares_2, layout_vaults_big_room, serial_shops,
          shop
Vaults:4: hangedman_vaults_maws, ontoclasm_vaults_shout,
          ontoclasm_vaults_decontamination, nicolae_vaults_little_squares_4,
          nicolae_vaults_bisected_slash, v_misc_1, v_misc_16,
          vaults_standard_mumra_enter_the_diamond, ontoclasm_vaults_gateway,
          nicolae_vaults_yaktaur_gun_rack, layout_vaults_quadrants,
          serial_shops, shop
Vaults:5: serial_shops, uniq_mara, uniq_margery
Depths:1: layout_cave_shapes, serial_shops, shop, hell_entry,
          nicolae_uskayaw_murder_on_the_dancefloor, minmay_hedge_maze,
          minmay_tree_intersection, lemuel_angel_altar
Depths:2: minmay_dotted_concentric_squares, layout_basic, enter_ziggurat_e,
          hell_entry, grunt_pan_entry_zigzag, yredelemnul_altar_generic,
          infiniplex_staircase_pool_2, uniq_sojobo
Depths:3: minmay_eyes, layout_gridlike, grunt_mini_vestibule, abyss_entry,
          ebering_ghost_reflecting_pool, grunt_gozag_statues
Depths:4: grunt_zot_entry_alcove, layout_cross, hell_entry,
          lemuel_blue_sif_altar, hangedman_decor_points, nicolae_shop_fire_sale
          [nicolae_sub_dead_trees], uniq_parghit

Skill      XL: |  1  2  3  4  5  6  7  8  9 10 11 12 13 14 15 16 17 18 19 20 21 |
---------------+----------------------------------------------------------------+-----
Stealth        | 1 2 |  2.0
Ranged Weapons | 4 5 6 7 9 10 12 13 16 17 18 20 21 23 25 | 25.1
Fighting       | 3 4 6 7 8 11 12 14 15 | 15.0
Dodging        | 3 4 6 8 11 13 14 15 | 15.0
Armour         | 3 4 5 7 |  7.0
Spellcasting   | 1 2 4 |  4.0
Summonings     | 1 5 |  5.0
Shields        | 2 4 |  4.0
Evocations     | 4 5 8 10 14 15 | 15.0
Throwing       | 3 4 |  4.0
Transmutations | 6 7 |  7.0
Translocations | 7 |  7.0

Action                     |  1- 3 |  4- 6 |  7- 9 | 10-12 | 13-15 | 16-18 | 19-21 || total
---------------------------+-------+-------+-------+-------+-------+-------+-------++-------
  Melee: Longbow           |       |       |       |       |     6 |       |       ||     6
         Long sword        |       |       |       |       |     5 |       |       ||     5
   Fire: Shortbow          |   141 |   160 |   366 |       |       |       |       ||   667
         Arbalest          |       |       |   104 |       |       |       |       ||   104
         Longbow           |       |       |    36 |   723 |  1660 |  1389 |       ||  3808
         Hand cannon       |       |       |       |       |       |   282 |  1261 ||  1543
         Triple crossbow   |       |       |       |       |       |       |    50 ||    50
  Throw: Dart              |       |       |     1 |     3 |     2 |       |       ||     6
   Cast: Wereblood         |       |       |       |       |       |     1 |     2 ||     3
  Evoke: Phantom mirror    |       |       |       |       |       |     1 |     1 ||     2
         Sack of spiders   |       |       |       |       |       |     1 |       ||     1
         Wand              |       |       |       |       |       |       |     1 ||     1
         Tin of tremorston |       |       |       |       |       |       |     2 ||     2
    Use: Scroll            |     2 |     6 |    19 |     7 |    15 |    19 |    23 ||    91
         Potion            |       |       |     4 |     2 |     3 |     4 |    10 ||    23
 Armour: Leather armour    |    21 |    63 |   177 |       |       |       |       ||   261
         Ring mail         |       |       |    98 |    17 |       |       |       ||   115
         Swamp dragon scal |       |       |       |   228 |   480 |   527 |   436 ||  1671
  Dodge: Dodged            |    19 |    69 |   269 |   247 |   712 |   969 |   729 ||  3014
  Block: Other             |       |       |       |     2 |       |       |       ||     2
         Buckler           |       |       |       |       |       |    96 |   326 ||   422

Table legend: (Time is in decaauts)
 A = Elapsed time spent in this place.
 B = Non-inter-level travel time spent in this place.
 C = Inter-level travel time spent in this place.
 D = Time resting spent in this place.
 E = Time spent auto-exploring this place.
 F = Levels seen in this place.
 G = Mean time per level.
                   A        B        C        D        E       F      G
               +--------+--------+--------+--------+--------+-----+--------+
         Total |  59024 |  51464 |   7560 |  13283 |  22098 |  44 | 1341.5 |
       Dungeon |  20991 |  17322 |   3669 |   3715 |   8051 |  15 | 1399.4 |
          Lair |   6476 |   5469 |   1007 |    923 |   3359 |   5 | 1295.2 |
        Shoals |   3772 |   3608 |    164 |   1530 |    613 |   4 |  943.0 |
   Spider Nest |   5386 |   4954 |    432 |   1307 |   1861 |   4 | 1346.5 |
  Orcish Mines |   1847 |   1585 |    262 |    168 |    521 |   2 |  923.5 |
   Elven Halls |   3925 |   3535 |    390 |    970 |   1437 |   3 | 1308.3 |
        Vaults |   7561 |   7033 |    528 |   1922 |   3407 |   5 | 1512.2 |
        Depths |   8944 |   7839 |   1105 |   2741 |   2849 |   4 | 2236.0 |
       Ossuary |     36 |     36 |      0 |      0 |      0 |   1 |   36.0 |
        Wizlab |     82 |     82 |      0 |      4 |      0 |   1 |   82.0 |
               +--------+--------+--------+--------+--------+-----+--------+

Top non-repeatable levels by time:
Depths:3: 3775 daAuts
     D:6: 2188 daAuts
    D:11: 2177 daAuts
Vaults:1: 2166 daAuts
Vaults:2: 2162 daAuts
Depths:2: 2069 daAuts
  Lair:3: 1793 daAuts
Vaults:4: 1758 daAuts
    D:12: 1712 daAuts
Depths:4: 1696 daAuts
     D:5: 1683 daAuts
     D:9: 1679 daAuts
  Lair:2: 1674 daAuts
     D:7: 1670 daAuts
     D:4: 1612 daAuts
